 Dungeon Crawl Stone Soup version 0.27.1-34-g3ba077fa99 (webtiles) character file.

Game seed: 17104923333909163490

343 H0rd4k the Charlatan (level 6, -1/47 HPs)
             Began as a Human Artificer on Jan 20, 2022.
             Slain by a phantom (5 damage)
             ... on level 4 of the Dungeon on Jan 21, 2022.
             The game lasted 00:05:32 (5649 turns).

H0rd4k the Charlatan (Human Artificer)              Turns: 5649, Time: 00:05:32

Health: -1/47      AC:  5    Str: 14    XL:     6   Next: 88%
Magic:  6/6        EV: 12    Int: 12    God:
Gold:   167        SH:  0    Dex: 13    Spells: 5/5 levels left

rFire    . . .     SeeInvis .   m - +1 dagger (venom)
rCold    . . .     Faith    .   (no shield)
rNeg     . . .     Spirit   .   b - +0 leather armour
rPois    .         Reflect  .   (no helmet)
rElec    .         Harm     .   o - +1 cloak
rCorr    .         Rampage  .   (no gloves)
Will     .....                  (no boots)
Stlth    +.........             (no amulet)
HPRegen  0.15/turn              i - ring of flight
MPRegen  0.10/turn              (no ring)

@: flying
A: no striking features
a: no special abilities


You were on level 4 of the Dungeon.
You visited 1 branch of the dungeon, and saw 4 of its levels.

You collected 167 gold pieces.

Inventory:

Hand Weapons
 a - a +0 club
 m - a +1 dagger of venom (weapon)
Missiles
 j - 16 poisoned darts
Armour
 b - a +0 leather armour (worn)
 o - a +1 cloak (worn)
Jewellery
 i - a ring of flight (left hand)
Wands
 d - a wand of charming (10)
Scrolls
 g - a scroll of blinking {unknown}
 h - a scroll of enchant armour {unknown}
 k - a scroll of identify {unknown}
 q - a scroll of brand weapon {unknown}
Potions
 f - a potion of attraction {unknown}
 l - a potion of curing {unknown}
 n - a potion of heal wounds {unknown}
 p - a potion of haste {unknown}
 r - a potion of flight {unknown}
Miscellaneous
 e - a piece from Xom's chessboard (14/15)


   Skills:
 + Level 3.2 Fighting
 + Level 1.4 Short Blades
 - Level 2.0 Armour
 + Level 3.8 Dodging
 - Level 1.0 Stealth
 + Level 4.7 Evocations


You had 5 spell levels left.
You didn't know any spells.
Your spell library was empty.

Dungeon Overview and Level Annotations

Branches:
Dungeon (4/15)
 Temple: D:4-7

Altars:
Elyvilon
Hepliaklqana
Kikubaaqudgha
Vehumet
Xom
Yredelemnul

Shops:
D:3 !

Annotations:
D:3 exclusion: downstairs


Message History

The phantom is severely damaged.
The phantom hits you.
The phantom blinks!
You blink.
You hit the phantom but do no damage.
The phantom is severely damaged.
The phantom hits you.
The phantom blinks!
You blink.
You closely miss the phantom.
The phantom is severely damaged.
The phantom hits you!
You hit the phantom.
The phantom is severely damaged.
The phantom hits you.
* * * LOW HITPOINT WARNING * * *
The phantom blinks!
You blink.
You hit the phantom.
The phantom is almost destroyed.
The phantom hits you.
* * * LOW HITPOINT WARNING * * *
The phantom blinks!
You blink.
You hit the phantom but do no damage.
The phantom is almost destroyed.
The phantom hits you.
* * * LOW HITPOINT WARNING * * *
The phantom blinks!
You blink.
You miss the phantom.
The phantom is almost destroyed.
The phantom hits you.
* * * LOW HITPOINT WARNING * * *
The phantom blinks!
You blink.
You closely miss the phantom.
The phantom is almost destroyed.
You barely miss the phantom.
The phantom is almost destroyed.
The phantom closely misses you.
You completely miss the phantom.
The phantom is almost destroyed.
The phantom barely misses you.
You miss the phantom.
The phantom is almost destroyed.
The phantom hits you.
You die...

......'...#....#
......#...+....#
......#####....###
###'###...###....#
#...........#....#
#..<........#....+
##...##.....#....#
##...##.....#..W.#
.....#......#...@#
.....#.......#####
##...##......#
##...##.....##
.............#
.............#
##############


You could see a phantom.

Vanquished Creatures
  A black bear (D:4)
  A necrophage (D:3)
  Natasha (thrice) (D:3)
  2 adders (D:2)
  4 dart slugs
  4 bats
  6 endoplasms
  7 giant cockroaches
  7 goblins
  9 hobgoblins
  4 jackals (D:2)
  8 kobolds
  A quokka (D:3)
  10 ball pythons
  3 frilled lizards
  9 rats
79 creatures vanquished.

Vanquished Creatures (collateral kills)
  An adder skeleton (D:4)
  A ball python (D:4)
2 creatures vanquished.

Vanquished Creatures (others)
  A kobold (D:3)
  A quokka (D:3)
  A fungus (D:2)
3 creatures vanquished.

Grand Total: 84 creatures vanquished

Notes
Turn   | Place    | Note
-------+----------+-------------------------------------------
     0 | D:1      | H0rd4k the Human Artificer began the quest for the Orb.
     0 | D:1      | Reached XP level 1. HP: 15/15 MP: 1/1
   252 | D:1      | Reached XP level 2. HP: 6/21 MP: 2/2
  1355 | D:1      | Reached XP level 3. HP: 14/26 MP: 3/3
  1971 | D:2      | Reached skill level 4 in Evocations
  2270 | D:2      | Found a faded altar of an unknown god.
  2309 | D:2      | Reached XP level 4. HP: 29/32 MP: 4/4
  3749 | D:3      | Noticed Natasha
  4120 | D:4      | Noticed a black bear
  4140 | D:4      | Noticed a necrophage
  4184 | D:3      | Killed a necrophage
  4185 | D:3      | Reached XP level 5. HP: 23/39 MP: 5/5
  4568 | D:3      | Found a hazy altar of Hepliaklqana.
  4571 | D:3      | Found a sacrificial altar of Ru.
  4571 | D:3      | Found a white marble altar of Elyvilon.
  4573 | D:3      | Found a basalt altar of Yredelemnul.
  4573 | D:3      | Found a shimmering altar of Xom.
  4573 | D:3      | Found an ancient bone altar of Kikubaaqudgha.
  4711 | D:3      | Killed Natasha
  4712 | D:3      | Reached XP level 6. HP: 45/46 MP: 6/6
  4720 | D:3      | Found Rigank's Distillery.
  4751 | D:3      | Found a radiant altar of Vehumet.
  4889 | D:3      | Noticed Natasha
  4897 | D:3      | Killed Natasha
  4973 | D:3      | Noticed Natasha
  4982 | D:3      | Killed Natasha
  5073 | D:4      | Killed a black bear
  5074 | D:4      | Reached skill level 1 in Short Blades
  5338 | D:4      | Noticed an ogre
  5649 | D:4      | Slain by a phantom

Illustrated notes

Levels and vault maps discovered:
D:1:      amcnicky_arrival_underground_garden, layout_basic,
          hangedman_decor_push, minmay_strange_pillars
D:2:      layout_loops_ring, shapermc_ecumenical_altar_ellora
D:3:      kennysheep_six_static_rooms, layout_basic, doesnt_xom_only_xom,
          lemuel_doored_altar, serial_shops, shop, uniq_natasha
D:4:      layout_gridville

Skill      XL: |  1  2  3  4  5  6 |
---------------+-------------------+-----
Evocations     | 4 |  4.7
Dodging        | 2 3 |  3.8
Fighting       | 2 3 |  3.2
Short Blades   | 1 |  1.4
Armour         | |  2.0
Stealth        | |  1.0

Action                   |  1- 3 |  4- 6 || total
-------------------------+-------+-------++-------
Melee: Club              |   157 |   151 ||   308
       Dagger            |       |   109 ||   109
Evoke: Wand              |     6 |    14 ||    20
       Piece from Xom's  |       |     1 ||     1
 Stab: Sleeping          |     1 |     1 ||     2
Armor: Leather armour    |    59 |    80 ||   139
Dodge: Dodged            |   117 |   218 ||   335
